 Dungeon Crawl Stone Soup version 0.31-a0-466-g98c9adc2b6 (webtiles) character file.

Game seed: 3765743874058971644

8 Ofeo the Ruffian (level 2, 17/21 HPs)
             Began as a Demonspawn Shapeshifter on Aug 5, 2023.
             Quit the game on level 1 of the Dungeon.
             The game lasted 00:00:11 (79 turns).

Ofeo the Ruffian (Demonspawn Shapeshifter)            Turns: 79, Time: 00:00:11

Health: 17/21      AC:  2    Str: 15    XL:     2   Next: 0%
Magic:  2/2        EV: 12    Int:  9    God:
Gold:   12         SH:  0    Dex: 13    Spells: 1/1 levels left

rFire   . .          .
                       - Unarmed
rCold   . . .        (no shield)
rNeg    . . .        a - +0 animal skin
rPois   .            (helmet currently unavailable)
rElec   .            (cloak currently unavailable)
rCorr   .            (gloves currently unavailable)
SInv    .            (boots currently unavailable)
Will    .....        (no amulet)
Stlth   +            (no ring)
HPRegen 0.23/turn    (no ring)
MPRegen 0.08/turn

%: no passive effects
@: beast-form
A: beast (slay +1), weakness stinger 1
a: Begin Untransformation


You were on level 1 of the Dungeon.
You were a hulking beast.
You visited 1 branch of the dungeon, and saw 1 of its levels.

You collected 12 gold pieces.

Inventory:

Armour
 a - a +0 animal skin (worn)
Talismans
 c - a beast talisman (active)
Potions
 b - 2 potions of lignification


   Skills:
 + Level 1.3 Fighting
 + Level 2.0 Dodging
 + Level 2.8 Unarmed Combat
 + Level 2.8 Shapeshifting


You had one spell level left.
You didn't know any spells.
Your spell library was empty.

Dungeon Overview and Level Annotations

Branches:
Dungeon (1/15)

Altars:


Innate Abilities, Weirdness & Mutations

You are a hulking beast.
Your limbs bulge with bestial killing power. (Slay +1)
You have a small tail.


Message History

You kill the bat!
No target in view!
No target in view!
You see here a bat corpse.
A ball python comes into view.
A ball python is nearby!
A ball python is nearby!
The ball python hisses angrily.
A frilled lizard comes into view.
Found a leather armour.
The ball python bites you. The ball python closely misses you.
The ball python bites you but does no damage.
The ball python misses you.
You take 2 damage, and have 13/15 hp.
You hit the ball python.
The ball python is severely wounded.
The frilled lizard hisses angrily.
The ball python barely misses you. x2
You barely miss the ball python.
The ball python is severely wounded.
The ball python bites you. The ball python misses you.
You take 1 damage, and have 12/15 hp.
You hit the ball python.
You kill the ball python!
A goblin comes into view. It is wielding a +0 club.
There are monsters nearby!
There are monsters nearby!
There are monsters nearby!
You barely miss the frilled lizard. The frilled lizard bites you.
You take 1 damage, and have 11/15 hp.
You hit the frilled lizard.
You kill the frilled lizard!
Your Dodging skill increases to level 2!
You have reached level 2!
Your demonic ancestry asserts itself...
You grow a small tail.
You regained 6 hp, and now have 17/21 hp.
MP restored: 2 No target in view!
Are you sure you want to abandon this character and quit the game? (Confirm with "yes".)

#. .#### ...####
#.....# #.....#
#..†..#.#
#.....#.#
#.....#.#
####h....#.#
......†.....#.#
.....###....#.# #
###.
####...###.#..# ..
#####††.......# ..
#......#####..###
.
#.#..............
.............>....
####..##..........


There were no monsters in sight!

Vanquished Creatures
  An endoplasm (D:1)
  A hobgoblin (D:1)
  2 ball pythons (D:1)
  2 bats (D:1)
  2 frilled lizards (D:1)
8 creatures vanquished.

Notes
Turn   | Place    | Note
-------+----------+-------------------------------------------
     0 | D:1      | Ofeo the Demonspawn Shapeshifter began the quest for the
                  | Orb.
     0 | D:1      | Reached XP level 1. HP: 15/15 MP: 1/1
    79 | D:1      | Gained mutation: You have a small tail. [demonic ancestry]
    79 | D:1      | Reached XP level 2. HP: 17/21 MP: 2/2
    79 | D:1      | Quit the game

Illustrated notes

Levels and vault maps discovered:
D:1:      roderic_chinese_lattice_arrival, layout_basic

Skill      XL: |  1 |
---------------+----+-----
Dodging        | 2 |  2.0
Fighting       | |  1.3
Unarmed Combat | |  2.8
Shapeshifting  | |  2.8

Action                     || total
---------------------------++-------
  Melee: Unarmed           ||    14
         Punch             ||     1
 Armour: Animal skin       ||     2
  Dodge: Dodged            ||    10

Table legend: (Time is in decaauts)
 A = Elapsed time spent in this place.
 B = Non-inter-level travel time spent in this place.
 C = Inter-level travel time spent in this place.
 D = Time resting spent in this place.
 E = Time spent auto-exploring this place.
 F = Levels seen in this place.
 G = Mean time per level.
                   A        B        C        D        E       F      G
               +--------+--------+--------+--------+--------+-----+--------+
         Total |     78 |     78 |      0 |      0 |     44 |   1 |   78.0 |
       Dungeon |     78 |     78 |      0 |      0 |     44 |   1 |   78.0 |
               +--------+--------+--------+--------+--------+-----+--------+

Top non-repeatable levels by time:
     D:1: 78 daAuts
